 Dungeon Crawl Stone Soup version 0.24.1-1-gd1d2a07e1b (webtiles) character file.

Game seed: 6638082756859769696, levelgen mode: deterministic

108 Curus the Ruffian (level 4, -1/44 HPs)
             Began as a Troll Monk on Apr 8, 2020.
             Blown up by Ijyb (16 damage)
             ... with a disintegration bolt
             ... on level 3 of the Dungeon.
             The game lasted 00:07:33 (1319 turns).

Curus the Ruffian (Troll Monk)                      Turns: 1319, Time: 00:07:33

Health: -1/44      AC:  6    Str: 25    XL:     4   Next: 58%
Magic:  3/3        EV: 10    Int:  7    God:
Gold:   72         SH:  0    Dex: 12    Spells: 3/3 levels left

rFire    . . .     SeeInvis .     - Unarmed
rCold    . . .     Gourm    +   (no shield)
rNeg     + . .     Faith    .   a - +0 robe
rPois    .         Spirit   .   (helmet restricted)
rElec    .         Reflect  .   (no cloak)
rCorr    .         Harm     .   (gloves unavailable)
MR       .....                  (boots unavailable)
Stlth    ++........             (no amulet)
HPRegen  0.54/turn              d - +6 ring of strength
MPRegen  0.08/turn              e - ring of positive energy

@: lightly drained
A: large, unfitting armour, claws 3, fast metabolism 3, gourmand, regeneration
1, shaggy fur 1, tough skin 3
a: no special abilities


You were on level 3 of the Dungeon.
You were completely stuffed.

You visited 1 branch of the dungeon, and saw 3 of its levels.

You collected 72 gold pieces.

Inventory:

Armour
 a - a +0 robe (worn)
Jewellery
 c - an uncursed ring of resist corrosion
 d - a +6 ring of strength (left claw)
 e - a ring of positive energy (right claw)
Scrolls
 i - a scroll of enchant weapon
Potions
 g - a potion of ambrosia
 h - a potion of heal wounds
 j - a potion of curing
Comestibles
 b - 9 rations
 f - 8 chunks of flesh


   Skills:
 - Level 2.4(2.3) Fighting
 - Level 2.4(2.3) Dodging
 - Level 1.0(0.9) Stealth
 + Level 5.4(5.3) Unarmed Combat


You had 3 spell levels left.
You didn't know any spells.
Your spell library was empty.

Dungeon Overview and Level Annotations

Branches:
Dungeon (3/15)

Altars:

Annotations:
D:3 Ijyb, Terence


Innate Abilities, Weirdness & Mutations

You are too large for most types of armour.
You have claws for hands.
Your metabolism is lightning-fast.
You like to eat raw meat.
Your natural rate of healing is unusually fast.
You are covered in fur. (AC +1)
You have extremely tough skin. (AC +3)


Message History

You closely miss the hobgoblin. The hobgoblin closely misses you.
You scratch the hobgoblin.
The hobgoblin is moderately wounded.
The hobgoblin barely misses you.
You mangle the hobgoblin!!
You kill the hobgoblin!
You mangle the giant cockroach!!
You kill the giant cockroach!
Ijyb zaps a wand.
You barely resist.
You see here a giant cockroach corpse.
Ijyb closely misses you.
You see here a giant cockroach corpse.
You scratch Ijyb but do no damage. Ijyb hits you.
You scratch Ijyb but do no damage. Ijyb hits you but does no damage.
You completely miss Ijyb.
Ijyb zaps a wand.
You are blasted!
Ouch! That really hurt!
You closely miss Ijyb. You claw Ijyb.
Ijyb is moderately wounded.
Ijyb zaps a wand.
You are blasted!
You die...

# ##.... #.###...
.#.#....# #......#
........####..##.#
.................###
#.#..#..............
#$......[......#
#....#..w......#
)....##)#g#..##.#######...
#?.### #.#@##..# .....=...
#.. #.#.##..###.........
#. #.#.##..............
..... #.#.###.#...........
.....##.....#...........(.
......#
..#...รท........<..
.........#................
..^........####...........
.......#########(......#..


You could see Ijyb and a worm.

Vanquished Creatures
  A crimson imp (D:2)
  2 adders (D:2)
  2 leopard geckos (D:2)
  5 orcs (D:2)
  2 giant cockroaches
  6 goblins
  5 hobgoblins
  6 jackals (D:2)
  A quokka (D:2)
  A ball python (D:3)
  4 bats
  A frilled lizard (D:2)
  3 kobolds
  5 rats
44 creatures vanquished.

Notes
Turn   | Place    | Note
-------+----------+-------------------------------------------
     0 | D:1      | Curus the Troll Monk began the quest for the Orb.
     0 | D:1      | Reached XP level 1. HP: 22/22 MP: 0/0
   541 | D:2      | Noticed a crimson imp
   545 | D:2      | Killed a crimson imp
   545 | D:2      | Reached skill level 4 in Unarmed Combat
   545 | D:2      | Reached XP level 2. HP: 29/29 MP: 1/1
   545 | D:2      | Reached XP level 3. HP: 36/36 MP: 2/2
   810 | D:2      | Reached XP level 4. HP: 44/44 MP: 3/3
   898 | D:2      | Reached skill level 5 in Unarmed Combat
  1285 | D:3      | Noticed Terence
  1300 | D:3      | Noticed Ijyb
  1319 | D:3      | Blown up by Ijyb

Levels and vault maps discovered:
D:1:      elethiomel_arrival_infinity_welcomes_careful_drivers, layout_basic,
          serial_park_tiny_pond, minmay_crystal_water
D:2:      layout_loops_cross, first_ration
D:3:      layout_rooms, zin_statuary, uniq_ijyb, uniq_terence

Skill      XL: |  1  2  3  4 |
---------------+-------------+-----
Unarmed Combat | 4 5 |  5.4
Fighting       | |  2.4
Dodging        | |  2.4
Stealth        | |  1.0

Action                   |  1- 3 |  4- 6 || total
-------------------------+-------+-------++-------
Melee: Unarmed           |    50 |    56 ||   106
       Punch             |       |     2 ||     2
  Use: Potion            |     3 |     2 ||     5
       Scroll            |     1 |     3 ||     4
 Stab: Sleeping          |     1 |     1 ||     2
  Eat: Chunk             |     8 |     9 ||    17
Armor: Robe              |    20 |    12 ||    32
Dodge: Dodged            |    13 |    29 ||    42
